 Dungeon Crawl Stone Soup version 0.27-a0-1065-ge809cff456 (webtiles) character file.

Game seed: 4019249687283936839

136154 wakim the Fencer (level 16, -1/149 HPs)
             Began as a Minotaur Berserker on Apr 22, 2021.
             Was the Champion of Trog.
             Slain by an emperor scorpion (10 damage)
             ... on level 2 of the Spider Nest.
             The game lasted 01:21:44 (27745 turns).

wakim the Fencer (Minotaur Berserker)              Turns: 27745, Time: 01:21:45

Health: -1/149     AC: 25    Str: 39    XL:     16   Next: 66%
Magic:  15/15      EV: 16    Int: 11    God:    Trog [******]
Gold:   2499       SH:  0    Dex: 17    Spells: 15/15 levels left

rFire    + + .     SeeInvis +   a - +8 great sword of Death {vorpal, Contam rF+ rC+ Str+4}
rCold    + . .     Faith    +   (shield currently unavailable)
rNeg     . . .     Spirit   .   c - +3 chain mail {Will+}
rPois    +         Reflect  .   l - +1 hat {Will+}
rElec    +         Harm     .   f - +0 cloak "Ederekac" {Regen+ Dex+4 Stlth+}
rCorr    .         Rampage  +   z - +2 pair of gloves
Will     +++++                  k - +1 pair of boots {rampage}
Stlth    ..........             j - amulet of faith
HPRegen  2.34/turn              h - ring of Ytzayps {rPois rF+ Str+4 Dex-2 SInv}
MPRegen  0.14/turn              P - ring of Cynicism {rElec Will+ Str+4 Int+6 Dex+4}

@: lethally poisoned (-1 -> -3), about to teleport, regenerating
A: horns 2, retaliatory headbutt
a: Renounce Religion, Berserk, Trog's Hand, Brothers in Arms


You were on level 2 of the Spider Nest.
You worshipped Trog.
Trog was exalted by your worship.
You visited 5 branches of the dungeon, and saw 26 of its levels.
You also visited: Ossuary and Ice Cave.

You collected 2499 gold pieces.

Inventory:

Hand Weapons
 a - the +8 great sword of Death (weapon) {vorpal, Contam rF+ rC+ Str+4}
   (Trog gifted it to you on level 2 of the Orcish Mines)

   It inflicts extra damage upon your enemies.
   It affects your strength (+4).
   It protects you from fire.
   It protects you from cold.
   It causes magical contamination when unequipped.
 b - the +12 arbalest of Qimufas {elec, Str+5}
   (You found it on level 6 of the Lair of Beasts)

   It charges the ammunition it shoots with electricity; occasionally upon a
   hit, such missiles may discharge and cause terrible harm.
   It affects your strength (+5).
 e - a +4 triple sword of venom
Missiles
 q - 12 javelins
 u - 204 bolts
 C - a throwing net {=f!f}
Armour
 c - a +3 chain mail of willpower (worn)
 f - the +0 cloak "Ederekac" (worn) {Regen+ Dex+4 Stlth+}
   (You found it on level 1 of the Lair of Beasts)

   It affects your dexterity (+4).
   It increases your rate of health regeneration.
   It makes you more stealthy.
 k - a +1 pair of boots of rampaging (worn)
 l - a +1 hat of willpower (worn)
 z - a +2 pair of gloves (worn)
Jewellery
 g - a +4 ring of slaying
 h - the ring of Ytzayps (left hand) {rPois rF+ Str+4 Dex-2 SInv}
   (You acquired it on level 7 of the Dungeon)

   [ring of protection from fire]

   It affects your strength (+4).
   It affects your dexterity (-2).
   It protects you from fire.
   It protects you from poison.
   It lets you see invisible.
 j - an amulet of faith (around neck)
 m - a +4 ring of evasion
 n - a ring of resist corrosion
 y - a ring of positive energy
 P - the ring of Cynicism (right hand) {rElec Will+ Str+4 Int+6 Dex+4}
   (You acquired it on level 13 of the Dungeon)

   [ring of intelligence]

   It affects your strength (+4).
   It affects your intelligence (+6).
   It affects your dexterity (+4).
   It insulates you from electricity.
   It increases your willpower.
 Q - a ring of ice
Wands
 d - a wand of iceblast (28)
 t - a wand of digging (8)
 v - a wand of flame (158)
 w - a wand of acid (8)
 x - a wand of charming (11)
Scrolls
 o - 4 scrolls of enchant weapon
 p - 3 scrolls of enchant armour
 r - 10 scrolls of identify
 D - 2 scrolls of torment {!r}
 R - 5 scrolls of magic mapping {!r}
 T - 8 scrolls of teleportation
 U - 6 scrolls of fear
 X - 2 scrolls of fog
 Y - 2 scrolls of blinking {!r}
Potions
 A - 3 potions of ambrosia
 B - 3 potions of attraction {!q}
 E - 3 potions of cancellation
 F - 9 potions of curing
 G - 2 potions of flight
 H - 2 potions of haste
 I - a potion of invisibility
 J - 10 potions of heal wounds
 K - a potion of magic
 L - 5 potions of lignification {!q}
 M - 3 potions of mutation {!q}
 N - 4 potions of might
 O - a potion of resistance


   Skills:
 + Level 15.3 Fighting
 * Level 17.0 Long Blades
 - Level 14.0 Maces & Flails
 - Level 11.8 Crossbows
 + Level 15.8 Armour
 - Level 12.0 Dodging


You had 15 spell levels left.
You didn't know any spells.
Your spell library was empty.

Dungeon Overview and Level Annotations

Branches:
Dungeon (15/15)            Temple (1/1) D:5            Lair (6/6) D:11
 Shoals (0/4) Lair:3       Spider (2/4) Lair:3        Slime (0/5) Lair:6
    Orc (2/2) D:10            Elf (0/3) Orc:2        Vaults (0/5) D:13
 Depths (0/5) D:15        Ossuary (visited)           IceCv (visited)

Altars:
Ashenzari
Cheibriados
Gozag
Kikubaaqudgha
Makhleb
Nemelex Xobeh
Qazlal
Trog
Wu Jian
Xom
Jiyva

Shops:
D:12 =   Orc:2 *((=

Portals:
Trove: D:11 (give +3 fire dragon scales)


Innate Abilities, Weirdness & Mutations

You have a pair of horns on your head.
You reflexively headbutt those who attack you in melee.


Message History

The redback bites you but does no damage.
The jumping spider leaps! x2; The redback bites you!
You chop the redback into pieces!!!
You kill the redback!
Trog accepts your kill. The emperor scorpion stings you!!
You are poisoned.
The emperor scorpion poisons you! The emperor scorpion misses you.
The emperor scorpion claws you but does no damage.
The jumping spider leaps!
The redback bites you but does no damage.
You slice the emperor scorpion!!
Your headbutt misses the emperor scorpion.
The emperor scorpion is moderately wounded.
You feel extremely sick. The emperor scorpion stings you!
The emperor scorpion claws you but does no damage.
The emperor scorpion claws you. The emperor scorpion stings you!
* * * LOW HITPOINT WARNING * * *
The emperor scorpion claws you but does no damage. x2
You feel very sick.
As you read the scroll of teleportation, it crumbles to dust.
You feel strangely unstable.
You feel very sick.
The redback bites you but does no damage.
The emperor scorpion barely misses you.
You riposte.
You closely miss the emperor scorpion.
The emperor scorpion is lightly wounded.
The emperor scorpion claws you!
* * * LOW HITPOINT WARNING * * *
The emperor scorpion claws you but does no damage.
Your skin crawls.
You feel strong-willed.
You feel very sick.
You hear an angry hiss.
The moth of wrath goads the jumping spider on!
The jumping spider goes berserk!
The emperor scorpion stings you!!
* * * LOW HITPOINT WARNING * * *
The emperor scorpion misses you. The emperor scorpion claws you!
You die...

# #..##.......##....#........#
..#...#......####.............
.....○......##..#.............
..........###...#^............
#.....s..##.#............#####
........##..s..†..............
^..^....#..sy.......##........
####.......sss.......#....>.(#
#.......ss.#@s.#....#........
#^....(..sss#...#....##.......
##........s###..#.....##....##
###........ ####......#...##.
####^..... #......#......
#......# #...... ....####
##...... #....... ###......


You could see an emperor scorpion (berserk), a moth of wrath, an orb spider, 2
jumping spiders and 2 redbacks.

Vanquished Creatures
  Jorgrun (Orc:2)
  Rupert (Orc:2)
  Frances (D:14)
  Gastronok (D:9)
  Louise (Spider:1)
  An emperor scorpion (Spider:1)
  2 quicksilver oozes (D:14)
  A stone giant (D:15)
  An ironbound preserver (D:13)
  Azrael (Spider:2)
  The ghost of Zam Nuan the Blocker, a journeyman GnFi of Qazlal (D:15)
  An entropy weaver (Spider:1)
  The ghost of Kepoon the Fighter, a journeyman GrFi of Okawaru (D:13)
  The ghost of Xenophilius the Black Sun, a journeyman VSNe of Kikubaaqudgha (Lair:6)
  Josephine (D:12)
  Snorg (Orc:1)
  A vault guard (D:11)
  5 boulder beetles
  Fannar (Orc:1)
  12 hydras
  5 catoblepae
  5 centaur warriors
  An alligator (Lair:6)
  A deep troll shaman (Lair:6)
  3 two-headed ogres
  12 death yaks (Lair:6)
  2 tengu warriors (D:15)
  2 orc high priests (Orc:2)
  Nergalle (Orc:1)
  A death drake (shapeshifter) (D:14)
  2 skeletal warriors (D:13)
  3 harpies (D:13)
  3 wolf spiders (Spider:1)
  A deep elf pyromancer (D:13)
  A necromancer (IceCv)
  A phantasmal warrior (D:13)
  7 orb spiders
  5 orc knights
  8 orc sorcerers
  11 ugly things (D:14)
  4 cyclopes
  6 manticores
  8 elephants
  3 ice statues (IceCv)
  A torpor snail (Spider:1)
  5 black mambas (Lair:4)
  Joseph (D:9)
  8 cane toads
  An unseen horror (D:11)
  16 komodo dragons
  Maggie (D:6)
  2 gargoyles
  6 rime drakes
  An efreet (D:15)
  4 demonic crawlers
  A tengu conjurer (D:13)
  9 ice devils (IceCv)
  2 freezing wraiths (D:13)
  5 trolls
  2 hornets (Spider:2)
  9 jumping spiders (Spider:1)
  3 meliai (D:15)
  3 polar bears
  21 slime creatures
  A blink frog (shapeshifter) (D:14)
  22 blink frogs
  The ghost of p0werm0de the Skirmisher, an amateur GrFi (D:5)
  8 dream sheep
  10 redbacks
  Sigmund (D:3)
  9 wraiths
  51 yaks
  4 tarantellas (Spider:1)
  10 wyverns
  A fire elemental (Spider:2)
  3 steam dragons
  7 vampire mosquitoes
  10 basilisks
  4 wargs
  2 acid dragons
  16 water moccasins
  6 hell hounds
  A black bear (Lair:5)
  25 orc warriors
  An ice beast (D:7)
  A sky beast (D:6)
  5 boggarts (D:15)
  7 ogres
  8 centaurs
  11 wolves
  A phantom (D:5)
  4 elf zombies (Ossuary)
  3 kobold brigands
  9 bullfrogs
  A gnoll sergeant (D:6)
  2 scorpions
  A wyvern zombie (D:7)
  3 killer bees (D:8)
  11 wights
  5 howler monkeys
  2 electric eels (D:14)
  3 draconian simulacra (IceCv)
  3 centaur zombies
  3 human zombies (Ossuary)
  Crazy Yiuf (D:3)
  A bullfrog skeleton (D:6)
  4 hounds
  A gnoll shaman (D:8)
  13 orc priests
  4 jellies
  A centaur skeleton (D:6)
  An iguana (D:4)
  15 orc wizards
  8 hell rats (D:14)
  A troll simulacrum (IceCv)
  2 killer bee zombies
  3 centaur simulacra
  2 mummies (Ossuary)
  10 gnolls
  2 naga simulacra (IceCv)
  An adder (D:4)
  2 ogre simulacra (IceCv)
  An adder skeleton (D:5)
  3 worms
  2 dart slugs (D:4)
  49 orcs
  5 ball pythons
  6 endoplasms
  4 giant cockroaches
  9 goblins
  5 hobgoblins
  10 jackals
  4 quokkas
  2 bats
  2 frilled lizards
  A goblin zombie (Ossuary)
  6 hobgoblin zombies (Ossuary)
  A jackal zombie (Ossuary)
  14 kobolds
  8 kobold zombies (Ossuary)
  13 orc zombies (Ossuary)
  3 rats
729 creatures vanquished.

Vanquished Creatures (collateral kills)
  An orc high priest (Orc:2)
  An orc knight (Orc:2)
  A vampire mosquito (D:12)
  An orc warrior (Orc:2)
4 creatures vanquished.

Vanquished Creatures (others)
  16 fungi
  47 plants
  A withered plant (D:13)
64 creatures vanquished.

Grand Total: 797 creatures vanquished

Notes
Turn   | Place    | Note
-------+----------+-------------------------------------------
     0 | D:1      | wakim the Minotaur Berserker began the quest for the Orb.
     0 | D:1      | Reached XP level 1. HP: 19/19 MP: 0/0
   484 | D:1      | Reached XP level 2. HP: 19/27 MP: 1/1
  1778 | D:2      | Noticed a howler monkey
  1779 | D:2      | Reached XP level 3. HP: 33/33 MP: 2/2
  1779 | D:2      | Reached ** piety under Trog
  1792 | D:2      | Reached XP level 4. HP: 40/40 MP: 3/3
  1952 | D:2      | Found an ancient bone altar of Kikubaaqudgha.
  2578 | D:3      | Noticed Sigmund
  2636 | D:3      | Found an opulent altar of Gozag.
  2869 | D:3      | Found a runed translucent door.
  2870 | D:3      | Noticed Crazy Yiuf
  2943 | D:3      | Killed Sigmund
  2944 | D:3      | Reached skill level 5 in Maces & Flails
  2944 | D:3      | Reached XP level 5. HP: 47/47 MP: 4/4
  3349 | D:3      | Killed Crazy Yiuf
  3350 | D:3      | Reached XP level 6. HP: 48/52 MP: 5/5
  3482 | D:4      | Found a burning altar of Makhleb.
  3528 | D:4      | Reached skill level 5 in Armour
  3646 | D:4      | Found an ornate altar of the Wu Jian Council.
  3706 | D:4      | Reached skill level 5 in Fighting
  3740 | D:4      | Found a sand-covered staircase.
  3746 | Ossuary  | Entered an ossuary
  3797 | Ossuary  | Reached *** piety under Trog
  3896 | Ossuary  | Reached XP level 7. HP: 52/61 MP: 6/6
  4044 | Ossuary  | Reached **** piety under Trog
  4437 | D:5      | Entered Level 5 of the Dungeon
  4695 | D:4      | Found a shimmering altar of Xom.
  4831 | D:5      | Reached XP level 8. HP: 67/70 MP: 7/7
  4903 | D:5      | Found a staircase to the Ecumenical Temple.
  4912 | Temple   | Entered the Ecumenical Temple
  5011 | D:5      | Found a runed translucent gate.
  5011 | D:5      | Noticed p0werm0de's ghost (amateur GrFi)
  5012 | D:5      | Found a runed translucent gate.
  5012 | D:5      | Found a runed translucent gate.
  5293 | D:5      | Found a sparkling altar of Nemelex Xobeh.
  5725 | D:5      | Killed p0werm0de's ghost
  6583 | D:6      | Reached skill level 5 in Dodging
  6824 | D:6      | Noticed Maggie
  6843 | D:6      | Killed Maggie
  7431 | D:6      | Reached XP level 9. HP: 78/78 MP: 8/8
  8419 | D:7      | Found a stormy altar of Qazlal.
  8430 | D:7      | Found a snail-covered altar of Cheibriados.
  8793 | D:7      | Identified a scroll of acquirement
  8793 | D:7      | Acquired the ring of Ytzayps {rPois rF+ Str+4 Dex-2 SInv}
  9121 | D:8      | Reached ***** piety under Trog
  9128 | D:8      | Noticed a two-headed ogre
  9138 | D:8      | Killed a two-headed ogre
  9139 | D:8      | Reached skill level 10 in Maces & Flails
  9139 | D:8      | Reached skill level 10 in Armour
  9235 | D:8      | Reached XP level 10. HP: 63/88 MP: 9/9
 10724 | D:9      | Noticed Gastronok
 10742 | D:9      | Killed Gastronok
 10885 | D:9      | Noticed Joseph
 10902 | D:9      | Killed Joseph
 11127 | D:10     | Entered Level 10 of the Dungeon
 11651 | D:10     | Found a staircase to the Orcish Mines.
 11946 | D:10     | Reached XP level 11. HP: 97/97 MP: 10/10
 12996 | D:11     | Found a staircase to the Lair.
 13173 | D:11     | Noticed a two-headed ogre
 13186 | D:11     | Killed a two-headed ogre
 13227 | D:11     | Noticed a centaur warrior
 13245 | D:11     | Killed a centaur warrior
 13576 | D:11     | Noticed a boulder beetle
 13602 | D:11     | Killed a boulder beetle
 13847 | D:11     | Noticed an eight-headed hydra
 14053 | Lair:1   | Entered Level 1 of the Lair of Beasts
 14176 | Lair:1   | Identified the +0 cloak "Ederekac" {Regen+ Dex+4 Stlth+}
 14423 | Lair:1   | Reached skill level 10 in Fighting
 14902 | Lair:2   | Found a frozen archway.
 14911 | IceCv    | Entered an ice cave
 14989 | IceCv    | Reached XP level 12. HP: 106/106 MP: 11/11
 15330 | IceCv    | Identified the +2 triple sword "Gaqem" {vorpal, rC+ Str+3}
                  | (Trog gifted it to you in an ice cave)
 15330 | IceCv    | Received a gift from Trog
 15482 | IceCv    | Identified the +5 halberd "Raseica Kiupp" {venom, *Slow rC+
                  | Int+4 Stlth+}
 15484 | IceCv    | Identified the +5 hand crossbow of Gloom {freeze, rC++
                  | Dex+4}
 15686 | Lair:2   | Reached skill level 1 in Crossbows
 16253 | Lair:3   | Reached skill level 1 in Long Blades
 16276 | Lair:3   | Reached skill level 2 in Long Blades
 16305 | Lair:3   | Found a staircase to the Shoals.
 16341 | Lair:3   | Identified the +4 scimitar "Farorhus" {venom, rPois rC-
                  | Will+ Str+4}
 16400 | Lair:3   | Noticed a four-headed hydra
 16418 | Lair:3   | Killed a four-headed hydra
 16421 | Lair:3   | Reached skill level 3 in Long Blades
 16551 | Lair:3   | Reached skill level 10 in Dodging
 16567 | Lair:3   | Reached skill level 5 in Crossbows
 16591 | Lair:3   | Reached XP level 13. HP: 91/117 MP: 12/12
 16667 | Lair:3   | Reached skill level 4 in Long Blades
 16674 | Lair:3   | Found a hole to the Spider Nest.
 17342 | Lair:4   | Identified the +1 leather armour of Complete Protection
                  | {+Inv rPois rN+}
 17662 | Lair:4   | Received a gift from Trog
 18069 | Lair:5   | Reached skill level 5 in Long Blades
 18698 | Lair:6   | Entered Level 6 of the Lair of Beasts
 18799 | Lair:6   | Reached skill level 6 in Long Blades
 18865 | Lair:6   | Reached skill level 15 in Armour
 18919 | Lair:6   | Found the +3 salamander hide armour {Flames rF++ rC--}
 18941 | Lair:6   | Identified the +12 arbalest of Qimufas {elec, Str+5}
 19064 | Lair:6   | Reached skill level 7 in Long Blades
 19070 | Lair:6   | Reached XP level 14. HP: 122/130 MP: 13/13
 19072 | Lair:6   | Received a gift from Trog
 19080 | Lair:6   | Found a staircase to the Slime Pits.
 19350 | Lair:6   | Reached skill level 8 in Long Blades
 19441 | Lair:6   | Found the +4 Cigotuvi's embrace {rMiasma Drain rN+}
 19450 | Lair:6   | Found a transporter.
 19507 | Lair:6   | Found a transporter.
 19507 | Lair:6   | Noticed Xenophilius's ghost (journeyman VSNe)
 19563 | Lair:6   | Killed Xenophilius's ghost
 19823 | Lair:4   | Reached skill level 15 in Fighting
 20501 | D:11     | Found a portal to a secret trove of treasure.
 20614 | D:12     | Noticed Josephine
 20621 | D:12     | Killed Josephine
 20621 | D:12     | Received a gift from Trog
 20622 | D:12     | Reached skill level 9 in Long Blades
 21311 | D:12     | Found Xuehuac's Jewellery Boutique.
 21609 | D:13     | Found a runed translucent gate.
 21610 | D:13     | Found a runed translucent gate.
 21611 | D:13     | Found a runed translucent gate.
 21613 | D:13     | Noticed Kepoon's ghost (journeyman GrFi)
 21636 | D:13     | Reached skill level 10 in Long Blades
 21639 | D:13     | Killed Kepoon's ghost
 21690 | D:13     | Acquired the ring of Cynicism {rElec Will+ Str+4 Int+6
                  | Dex+4}
 22117 | D:13     | Reached XP level 15. HP: 136/141 MP: 14/14
 22148 | D:13     | Reached skill level 11 in Long Blades
 22315 | D:13     | Received a gift from Trog
 22348 | D:13     | Found a gate to the Vaults.
 22723 | D:14     | Reached skill level 12 in Long Blades
 23052 | D:14     | Noticed Frances
 23072 | D:14     | Killed Frances
 23073 | D:14     | Reached skill level 13 in Long Blades
 23631 | D:15     | Entered Level 15 of the Dungeon
 23679 | D:15     | Found a broken altar of Ashenzari.
 23932 | D:15     | Reached ****** piety under Trog
 23932 | D:15     | Received a gift from Trog
 23939 | D:15     | Reached skill level 14 in Long Blades
 23954 | D:15     | Found a runed translucent gate.
 23954 | D:15     | Found a runed translucent gate.
 23954 | D:15     | Found a runed translucent gate.
 24092 | D:15     | Found a staircase to the Depths.
 24103 | D:15     | Reached skill level 10 in Crossbows
 24218 | D:15     | Noticed Zam Nuan's ghost (journeyman GnFi)
 24222 | D:15     | Found a viscous altar of Jiyva.
 24373 | D:15     | Killed Zam Nuan's ghost
 24614 | Orc:1    | Entered Level 1 of the Orcish Mines
 24668 | Orc:1    | Noticed Snorg
 24676 | Orc:1    | Noticed Fannar
 24686 | Orc:1    | Killed Snorg
 24691 | Orc:1    | Killed Fannar
 24692 | Orc:1    | Reached XP level 16. HP: 137/149 MP: 15/15
 24782 | Orc:1    | Reached skill level 15 in Long Blades
 24956 | Orc:2    | Entered Level 2 of the Orcish Mines
 24978 | Orc:2    | Found a staircase to the Elven Halls.
 25210 | Orc:2    | Identified the +8 great sword of Death {vorpal, Contam rF+
                  | rC+ Str+4} (Trog gifted it to you on level 2 of the Orcish
                  | Mines)
 25210 | Orc:2    | Received a gift from Trog
 25221 | Orc:2    | Noticed Jorgrun
 25238 | Orc:2    | Killed Jorgrun
 25423 | Orc:2    | Found Ockix's Jewellery Boutique.
 25726 | Orc:2    | Found Umiphoy's Antique Weapon Shoppe.
 25731 | Orc:2    | Found Tuqouf's Weapon Shoppe.
 25733 | Orc:2    | Found Quce's Assorted Antiques.
 25913 | Orc:2    | Noticed Rupert
 25915 | Orc:2    | Paralysed by Rupert for 6 turns
 25926 | Orc:2    | Killed Rupert
 26123 | Orc:1    | Noticed Nergalle
 26125 | Orc:1    | Reached skill level 16 in Long Blades
 26132 | Orc:1    | Killed Nergalle
 26373 | Spider:1 | Entered Level 1 of the Spider Nest
 26428 | Spider:1 | Received a gift from Trog
 26952 | Spider:1 | Noticed Louise
 26963 | Spider:1 | Killed Louise
 27639 | Spider:2 | Noticed Azrael
 27647 | Spider:2 | Killed Azrael
 27648 | Spider:2 | Reached skill level 17 in Long Blades
 27745 | Spider:2 | Slain by an emperor scorpion

Illustrated notes

Levels and vault maps discovered:
D:1:      dpeg_arrival_orchard, layout_basic, due_unseen_surprise
D:2:      layout_loops_corners, basic_altar, grunt_ministairs_7,
          serial_bayou_pond_b
D:3:      layout_basic, grunt_gozag_breadcrumbs, minmay_misc_feat_pillars,
          uniq_crazy_yiuf_cottage, uniq_sigmund
D:4:      layout_loops_cross, tgw_xom, bloody_makhleb,
          nicolae_wu_jian_wuxing_cycle, lightli_ossuary_entry_decrepit_ruins
D:5:      layout_gridville, nemelex_xobeh_ov_fountains_minmay,
          minmay_temple_entry_antechambers, ebering_ghost_rock_garden
D:6:      layout_cave_pods, uniq_maggie
D:7:      layout_loops_ring, minitemple
D:8:      layout_basic
D:9:      layout_basic, hangedman_abyss_or_decor_stagger, uniq_gastronok,
          uniq_joseph
D:10:     layout_grid_maze, orc_0_dummy
D:11:     layout_layer_cave, erik_lair_orcish_takeover, enter_trove_5
D:12:     layout_irregular_city, serial_shops, shop, uniq_josephine
D:13:     layout_cave_pods, skrybe_vaults_entry_preservation,
          gammafunk_ghost_spectres, argonaut_gorgonesque
D:14:     layout_loops_ring, special_room [special_room_mythical_zoo],
          nrook_pool_corridor, uniq_frances
D:15:     grunt_enter_depths_snipers, layout_rooms, gammafunk_ghost_endoplasm,
          ashenzari_altar_1
Temple:   regret_index_temple_waves
Lair:1:   layout_regular_city, beast_lair_carwin_11
Lair:2:   layout_long_grid, portal_ice_cave_entry_pillars_1, lemuel_fruit_fields
Lair:3:   layout_misc_corridors, shoals_dummy_entry, spider_nest_entry_rubble,
          beast_lair_carwin_10
Lair:4:   layout_long_grid, serial_bayou_pond_c, serial_bayou_shore_a
Lair:5:   layout_concentric_octagons
Lair:6:   grunt_lair_end_beastmaster, layout_hall_layers, slime_dummy,
          gammafunk_ghost_arena, nicolae_lair_yak_garden
Spider:1: layout_chambers, uniq_louise
Spider:2: layout_spider_delve, gammafunk_ghost_split, uniq_azrael, uniq_roxanne
Orc:1:    layout_diamond_mine, uniq_snorg, uniq_fannar, uniq_nergalle
Orc:2:    st_orc_elflike, layout_caves, uniq_jorgrun, uniq_rupert

Skill      XL: |  1  2  3  4  5  6  7  8  9 10 11 12 13 14 15 16 |
---------------+-------------------------------------------------+-----
Maces & Flails | 4 5 6 7 9 10 12 13 14 | 14.0
Armour         | 3 4 5 6 8 10 11 13 14 15 | 15.8
Fighting       | 4 5 6 7 9 10 11 13 15 | 15.3
Dodging        | 3 4 5 6 7 9 10 11 12 | 12.0
Crossbows      | 5 6 7 10 11 | 11.8
Long Blades    | 3 7 10 14 17 | 17.0

Action                   |  1- 3 |  4- 6 |  7- 9 | 10-12 | 13-15 | 16-18 || total
-------------------------+-------+-------+-------+-------+-------+-------++-------
Melee: Mace              |    25 |       |       |       |       |       ||    25
       Headbutt          |    14 |    23 |    59 |   127 |   327 |    82 ||   632
       Flail             |    38 |   151 |   256 |   105 |       |       ||   550
       Dire flail        |       |       |       |   398 |   948 |    61 ||  1407
       Great sword       |       |       |       |       |       |   180 ||   180
 Fire: Hunting sling     |       |     1 |     5 |       |       |       ||     6
       Shortbow          |       |       |    20 |    17 |       |       ||    37
       Hand crossbow     |       |       |       |    15 |     4 |       ||    19
       Arbalest          |       |       |       |       |     4 |       ||     4
Invok: Trog's Hand       |       |     2 |     2 |     5 |    12 |     4 ||    25
       Berserk           |       |     2 |     2 |     2 |     5 |     2 ||    13
       Brothers in Arms  |       |       |       |       |       |     1 ||     1
Evoke: Wand              |       |       |     1 |       |       |       ||     1
  Use: Scroll            |       |    10 |     6 |    10 |     7 |     2 ||    35
       Potion            |       |       |       |       |     1 |       ||     1
 Stab: Sleeping          |       |       |       |     1 |       |       ||     1
       Petrified         |       |       |       |       |    13 |       ||    13
Armor: Animal skin       |     1 |       |       |       |       |       ||     1
       Leather armour    |    13 |     2 |       |       |       |       ||    15
       Chain mail        |       |    88 |    78 |       |       |    87 ||   253
       Swamp dragon scal |       |       |    34 |    49 |       |       ||    83
       Plate armour      |       |       |       |   163 |   546 |    31 ||   740
Dodge: Dodged            |    29 |    72 |   118 |   201 |   523 |   210 ||  1153
       Rpst.: Great sword |       |       |       |       |       |    29 ||    29

Table legend: (Time is in decaauts)
 A = Elapsed time spent in this place.
 B = Non-inter-level travel time spent in this place.
 C = Inter-level travel time spent in this place.
 D = Time resting spent in this place.
 E = Time spent auto-exploring this place.
 F = Levels seen in this place.
 G = Mean time per level.
                   A        B        C        D        E       F      G
               +--------+--------+--------+--------+--------+-----+--------+
         Total |  27374 |  25420 |   1954 |   1262 |  19340 |  28 |  977.6 |
       Dungeon |  18367 |  16945 |   1422 |    886 |  13250 |  15 | 1224.5 |
        Temple |      1 |      1 |      0 |      0 |      0 |   1 |    1.0 |
          Lair |   5062 |   4803 |    259 |     37 |   3835 |   6 |  843.7 |
   Spider Nest |   1361 |   1333 |     28 |     41 |   1030 |   2 |  680.5 |
  Orcish Mines |   1637 |   1394 |    243 |    138 |    963 |   2 |  818.5 |
       Ossuary |    349 |    349 |      0 |      0 |    108 |   1 |  349.0 |
      Ice Cave |    593 |    593 |      0 |    159 |    154 |   1 |  593.0 |
               +--------+--------+--------+--------+--------+-----+--------+

Top non-repeatable levels by time:
    D:10: 1881 daAuts
    D:11: 1753 daAuts
     D:8: 1558 daAuts
     D:5: 1449 daAuts
     D:2: 1442 daAuts
    D:14: 1286 daAuts
     D:1: 1246 daAuts
     D:6: 1238 daAuts
Spider:1: 1220 daAuts
     D:3: 1203 daAuts
     D:7: 1042 daAuts
    D:13: 1015 daAuts
  Lair:6: 996 daAuts
   Orc:2: 947 daAuts
     D:4: 942 daAuts
